 Dungeon Crawl Stone Soup version 0.28-a0-1565-g95a8017c83 (webtiles) character file.

Game seed: 15342806251283532836

18 sanka the Thaumaturge (level 2, 23/23 HPs)
             Began as a Gnoll Wanderer on Jan 19, 2022.
             Quit the game on level 1 of the Dungeon.
             The game lasted 00:01:36 (300 turns).

sanka the Thaumaturge (Gnoll Wanderer)               Turns: 300, Time: 00:01:36

Health: 23/23      AC:  4    Str: 11    XL:     2   Next: 70%
Magic:  14/14      EV: 12    Int: 10    God:
Gold:   41         SH:  0    Dex: 12    Spells: 22/23 levels left

rFire   . . .      SeeInvis .   a - +0 shortbow
rCold   . . .      Faith    .   (shield currently unavailable)
rNeg    . . .      Spirit   .   d - +0 leather armour
rPois   .          Reflect  .   (no helmet)
rElec   .          Harm     .   (no cloak)
rCorr   .          Rampage  .   c - +0 pair of gloves
Will    .....                   (no boots)
Stlth   +.........              (no amulet)
HPRegen 0.07/turn               (no ring)
MPRegen 0.14/turn               (no ring)

@: no status effects
A: fangs 1, strong nose, distributed training
a: no special abilities


You were on level 1 of the Dungeon.
You visited 1 branch of the dungeon, and saw 1 of its levels.

You collected 41 gold pieces.


Innate Abilities, Weirdness & Mutations

You have very sharp teeth.
Your uncanny sense of smell can sniff out nearby items.
Your experience applies equally to all skills.


   Skills:
 + Level 2.5 Fighting
 + Level 0.5 Short Blades
 + Level 0.5 Long Blades
 + Level 0.5 Axes
 + Level 0.5 Maces & Flails
 + Level 0.5 Polearms
 + Level 0.5 Staves
 + Level 0.5 Slings
 + Level 2.5 Bows
 + Level 0.5 Crossbows
 + Level 0.5 Throwing
 + Level 0.5 Armour
 + Level 4.5 Dodging
 + Level 0.5 Stealth
 + Level 0.5 Shields
 + Level 0.5 Unarmed Combat
 + Level 11.3 Spellcasting
 + Level 0.3 Conjurations
 + Level 0.3 Hexes
 + Level 0.3 Summonings
 + Level 0.3 Necromancy
 + Level 0.3 Translocations
 + Level 0.3 Transmutations
 + Level 0.3 Fire Magic
 + Level 0.3 Ice Magic
 + Level 0.3 Air Magic
 + Level 0.3 Earth Magic
 + Level 0.3 Poison Magic
 + Level 0.6 Invocations
 + Level 0.5 Evocations


You had 22 spell levels left.
You knew the following spells:

 Your Spells              Type           Power      Damage    Failure   Level
Z - Animate Skeleton      Necr           12%        N/A       14%         1

Your spell library contained the following spells:

 Spells                   Type           Power      Damage    Failure   Level
 Blink                    Tloc           12%        N/A       21%         2
 Mephitic Cloud           Conj/Pois/Air  6%         N/A       38%         3
 Teleport Other           Tloc           6%         N/A       38%         3

Inventory:

Hand Weapons
 a - a +0 shortbow (weapon)
Missiles
 b - 14 arrows (quivered ammo)
Armour
 c - a +0 pair of gloves (worn)
 d - a +0 leather armour (worn)
Scrolls
 e - a scroll of enchant weapon {unknown}
 f - a scroll of immolation {unknown}

Dungeon Overview and Level Annotations

Branches:
Dungeon (1/15)

Altars:

Shops:
D:1

* ...........▒ ..
▒▒▒▒▒▒▒..... .(
▒▒▒▒▒▒ ▒( ▒ ▒( ▒
▒. ▒.▒▒( ▒▒▒▒▒▒▒▒▒
▒▒...(▒▒▒▒.......▒
▒.....g....▒▒▒▒▒.▒
▒.▒▒▒.▒▒▒▒▒▒ ▒.▒
▒▒▒ ▒. ▒.▒ ▒▒.▒ ▒.
▒.▒▒▒.▒. ..
▒.▒▒.▒▒▒ .. ▒...▒▒
▒ ... ▒.▒▒.▒▒▒ .▒.
▒▒▒▒▒▒.▒▒▒.▒.
.[.........†.


There were no monsters in sight!


Message History

b - 21 arrows (gained 1)
You see here a hobgoblin corpse.
A hobgoblin and an endoplasm come into view.
The endoplasm quivers.
There are monsters nearby!
There are monsters nearby!
You shoot an arrow. The arrow barely misses the endoplasm.
You shoot an arrow. The arrow barely misses the endoplasm.
The endoplasm closely misses you.
You shoot an arrow. The arrow barely misses the endoplasm.
The endoplasm closely misses you. The endoplasm closely misses you.
You shoot an arrow. The arrow hits the endoplasm!
You kill the endoplasm!
You shoot an arrow. The arrow hits the hobgoblin.
The hobgoblin is severely wounded.
You shoot an arrow. The arrow hits the hobgoblin.
The hobgoblin is almost dead.
You shoot an arrow. The arrow hits the hobgoblin.
You kill the hobgoblin!
No target in view!
No target in view!
Are you sure you want to abandon this character and quit the game? (Confirm with "yes".)

Action                   || total
-------------------------++-------
Melee: Unarmed           ||     5
 Fire: Shortbow          ||    49
Armor: Leather armour    ||     9
Dodge: Dodged            ||    17

Levels and vault maps discovered:
D:1:      scummos_arrival_simple_crosswalls, layout_loops_ring, serial_shops,
          nicolae_shop_competitors_out_of_business,
          dreamdust_ecumenical_altar_grove, minmay_misc_feat_ornament

Notes
Turn   | Place    | Note
-------+----------+-------------------------------------------
     0 | D:1      | Reached skill level 11 in Spellcasting
     0 | D:1      | sanka the Gnoll Wanderer began the quest for the Orb.
     0 | D:1      | sanka set off with the following items: a +0 shortbow, 23
                  | arrows, a +0 pair of gloves, a +0 leather armour; and the
                  | following spell memorised: Animate Skeleton; and the
                  | following spells available to memorise: Blink, Mephitic
                  | Cloud, Teleport Other
     0 | D:1      | Reached XP level 1. HP: 17/17 MP: 12/12
    51 | D:1      | Found Igryergh's Assorted Antiques.
   111 | D:1      | Found a faded altar of an unknown god.
   166 | D:1      | Reached XP level 2. HP: 23/23 MP: 14/14
   300 | D:1      | Quit the game

Vanquished Creatures
  A bat (D:1)
  An endoplasm (D:1)
  2 goblins (D:1)
  3 hobgoblins (D:1)
  2 jackals (D:1)
  3 quokkas (D:1)
  A ball python (D:1)
  A kobold (D:1)
  A rat (D:1)
15 creatures vanquished.
